 Dungeon Crawl Stone Soup version 0.24-a0-203-gf0bc1e9 (webtiles) character file.

Game seed: 10623794765773382951

644 Ijustatesigmund the Cudgeler (level 7, -3/48 HPs)
             Began as an Octopode Fighter on Mar 27, 2019.
             Slain by Pikel
             ... wielding a +1 whip of flaming
              (6 damage)
             ... on level 4 of the Dungeon.
             The game lasted 00:07:20 (3040 turns).

Ijustatesigmund the Cudgeler (Octopode Fighter)     Turns: 3040, Time: 00:07:21

Health: -3/48      AC:  8    Str: 24    XL:     7   Next: 52%
Magic:  7/7        EV: 13    Int: 10    God:
Gold:   158        SH:  0    Dex: 13    Spells: 6/6 levels left

rFire    . . .     SeeInvis .   a - +2 flail (protect)
rCold    . . .     Gourm    .   b - +1 shield
rNeg     + . .     Faith    .   (helmet restricted)
rPois    .         Spirit   .   l - +3 amulet of reflection
rElec    .         Reflect  +   k - +3 ring of strength
rCorr    .         Harm     .   c - ring of positive energy
MR       +....                  s - ring of protection from magic
Stlth    ++........             v - ring of wizardry
HPRegen  0.16/turn              (no ring)
MPRegen  0.10/turn              (no ring)
                                (no ring)
                                (no ring)

@: confused, mighty, protection aura
A: almost no armour, stealthy swim, amphibious, 8 rings, constrict 8, camouflage
1, gelatinous body 1
a: no special abilities


You were on level 4 of the Dungeon.
You were not hungry.

You visited 2 branches of the dungeon, and saw 5 of its levels.

You collected 158 gold pieces.

Inventory:

Hand Weapons
 a - a +2 flail of protection (weapon)
Armour
 b - a +1 shield (worn)
Jewellery
 c - a ring of positive energy (right tentacle)
 k - a +3 ring of strength (left tentacle)
 l - a +3 amulet of reflection (around mantle)
 s - a ring of protection from magic (on tentacle)
 v - a ring of wizardry (on tentacle)
Wands
 r - a wand of polymorph (9)
Scrolls
 g - 2 scrolls of remove curse
 h - a scroll of amnesia
 i - 2 scrolls of teleportation {unknown}
 o - 3 scrolls of identify {unknown}
 q - a scroll of noise {unknown}
Potions
 e - a potion of agility {unknown}
 f - 2 potions of degeneration
 j - a potion of heal wounds {unknown}
 m - 2 potions of lignification {unknown}
 n - 2 potions of berserk rage {unknown}
 p - 2 potions of flight {unknown}
Comestibles
 d - 3 rations
 u - 2 chunks of flesh


   Skills:
 + Level 4.2 Fighting
 + Level 6.0 Maces & Flails
 + Level 4.2 Dodging
 + Level 4.5 Shields


You had 6 spell levels left.
You didn't know any spells.
Your spell library was empty.

Dungeon Overview and Level Annotations

Branches:
Dungeon (4/15)             Temple (1/1) D:4

Altars:
Ashenzari
Cheibriados
Dithmenos
Elyvilon
Fedhas
Gozag
Hepliaklqana
Kikubaaqudgha
Nemelex Xobeh
Okawaru
Qazlal
Sif Muna
Trog
Uskayaw
Vehumet
Wu Jian
Xom
Yredelemnul
Zin
The Shining One

Shops:
D:4 (::([

Annotations:
D:4 Pikel


Innate Abilities, Weirdness & Mutations

You cannot wear most types of armour.
You are very stealthy in the water. (Stealth+)
You are amphibious.
You can wear up to eight rings at the same time.
You can use your tentacles to constrict eight enemies at once.
Your skin changes colour to match your surroundings (Stealth+).
Your rubbery body absorbs attacks. (AC +1, EV +1)


Message History

The worker ant bites you. You block the slave's attack.
Pikel hits you with a +1 whip of flaming.
Pikel burns you.
You feel very mighty all of a sudden.
You constrict Pikel. You constrict the worker ant.
You kill the worker ant!
You block the slave's attack. x2; Pikel zaps a wand.
Your will is overpowered!
You are confused.
You bump into the rock wall.
You constrict Pikel. The slave hits you. The slave completely misses you.
The slave hits you. Pikel barely misses you.
You thump Pikel!
Pikel is severely wounded.
You constrict Pikel. The slave hits you. x2
* * * LOW HITPOINT WARNING * * *
The slave hits you.
* * * LOW HITPOINT WARNING * * *
The slave hits you!
* * * LOW HITPOINT WARNING * * *
Pikel hits you with a +1 whip of flaming.
You die...

#..........>......##***,,,*
#...#########.PPP..##..,>,*
#..## #.P∩P......,*,* *#.##
#..P......#**** #..*
#........## # *#..* ****
#........# ##**...** *,,*
##..####..#* ..##.,,,***,8*
##p..# *...#
....,,,,,,,,,**#@p.## **.##
....,,,,,.8.∩.8pKp.# **#
.#..,****.........## ###.,*
*###8....##* *** # *,,*
#......,**** *,* # **,**
*#......,,,,***,* *,,*
**.......,,,,,,,,**
**,****.........,,,,,**,**
*,**,,,***,,,,,,,,**,***,*


You could see Pikel and 4 slaves.

Vanquished Creatures
  A phantom (D:4)
  A scorpion (D:3)
  4 orc wizards
  An orc priest (D:4)
  A centaur skeleton (D:4)
  Jessica (D:3)
  A bullfrog skeleton (D:4)
  Natasha (thrice) (D:3)
  2 worker ants
  Ijyb (D:3)
  5 adders
  2 oozes
  2 worms (D:2)
  A dart slug (D:1)
  3 leopard geckos
  9 orcs
  6 bats
  2 giant cockroaches
  11 hobgoblins
  8 jackals
  2 quokkas
  3 frilled lizards
  7 goblins
  7 kobolds
  5 rats
89 creatures vanquished.

Notes
Turn   | Place    | Note
-------+----------+-------------------------------------------
     0 | D:1      | Ijustatesigmund the Octopode Fighter began the quest for
                  | the Orb.
     0 | D:1      | Reached XP level 1. HP: 16/16 MP: 1/1
    81 | D:1      | Reached XP level 2. HP: 17/21 MP: 2/2
   609 | D:2      | Found an ornate altar of the Wu Jian Council.
   767 | D:2      | Reached XP level 3. HP: 26/26 MP: 3/3
   773 | D:2      | Reached skill level 3 in Maces & Flails
  1039 | D:2      | Found a bloodstained altar of Trog.
  1121 | D:2      | Reached XP level 4. HP: 29/31 MP: 4/4
  1128 | D:2      | Found a bloodstained altar of Trog.
  1254 | D:2      | Reached skill level 4 in Maces & Flails
  1482 | D:3      | Noticed Ijyb
  1487 | D:3      | Killed Ijyb
  1496 | D:3      | Reached XP level 5. HP: 36/36 MP: 5/5
  1498 | D:3      | Found a basalt altar of Yredelemnul.
  1763 | D:4      | Reached skill level 5 in Maces & Flails
  1974 | D:3      | Reached XP level 6. HP: 26/42 MP: 6/6
  2387 | D:3      | Noticed Natasha
  2394 | D:3      | Killed Natasha
  2404 | D:3      | Noticed Jessica
  2411 | D:3      | Killed Jessica
  2446 | D:3      | Noticed Natasha
  2449 | D:3      | Killed Natasha
  2546 | D:4      | Found a staircase to the Ecumenical Temple.
  2546 | D:4      | Noticed a phantom
  2551 | D:3      | Noticed Natasha
  2557 | D:3      | Killed Natasha
  2612 | D:3      | Reached XP level 7. HP: 32/47 MP: 7/7
  2727 | D:4      | Found Oniad's Weapon Emporium.
  2731 | D:4      | Found Lageuzat's Book Boutique.
  2798 | D:4      | Found Nearhaill's Book Emporium.
  2861 | Temple   | Entered the Ecumenical Temple
  2959 | D:4      | Found a glowing golden altar of the Shining One.
  3014 | D:4      | Found Ceuch's Antique Armour Shop.
  3029 | D:4      | Found Ril Ruhi's Weapon Emporium.
  3031 | D:4      | Noticed Pikel
  3032 | D:4      | Reached skill level 6 in Maces & Flails
  3040 | D:4      | Slain by Pikel

Levels and vault maps discovered:
D:1:      dpeg_arrival_shrine, layout_rooms
D:2:      lemuel_upstairs_altar, layout_loops_ring, overflow_temple_1_default,
          lemuel_round_altar, trog_hazing_becter
D:3:      layout_loops_cross, yredelemnul_altar_generic, uniq_jessica,
          uniq_natasha, uniq_ijyb
D:4:      layout_layer_cave, nicolae_tso_swordbearing_angel,
          minmay_temple_entry_grid, first_ration, serial_shops,
          nicolae_shop_statue_plus, nicolae_shop_waterfront, nicolae_shop_trees,
          nicolae_shop_overgrown_old_shop, nicolae_shop_stone, uniq_pikel
Temple:   nicolae_temple_x_marks_the_god

Skill      XL: |  1  2  3  4  5  6  7 |
---------------+----------------------+-----
Maces & Flails | 3 4 5 6 |  6.0
Shields        | 4 |  4.5
Fighting       | 4 |  4.2
Dodging        | 4 |  4.2

Action                   |  1- 3 |  4- 6 |  7- 9 || total
-------------------------+-------+-------+-------++-------
Melee: Flail             |    60 |   110 |    33 ||   203
       Constrict         |    21 |    22 |     7 ||    50
       Tentacles         |    14 |    22 |     8 ||    44
  Use: Scroll            |     3 |     1 |       ||     4
       Potion            |       |     4 |     1 ||     5
 Stab: Sleeping          |     4 |    12 |     1 ||    17
  Eat: Chunk             |       |     2 |     2 ||     4
       Ration            |       |     1 |       ||     1
Armor: Skin              |     2 |    17 |     9 ||    28
Dodge: Dodged            |    18 |    66 |     8 ||    92
Block: Shield            |    29 |   106 |    28 ||   163
       Reflection        |       |     6 |     1 ||     7

Table legend:
 A = Non-vault XP
 B = Vault XP
 C = Vault XP percentage of total XP
 D = Non-vault monster count
 E = Vault monster count
 F = Vault count percentage of total count
                 A         B        C        D         E       F
            +---------+---------+-------+---------+---------+-------
      Total |     807 |     114 |  12.4 |      80 |       9 |  10.1
            +---------+---------+-------+---------+---------+-------
        D:1 |      30 |       0 |   0.0 |      17 |       0 |   0.0
        D:2 |      93 |       9 |   8.8 |      17 |       6 |  26.1
        D:3 |     329 |     105 |  24.2 |      29 |       3 |   9.4
        D:4 |     355 |       0 |   0.0 |      17 |       0 |   0.0
            +---------+---------+-------+---------+---------+-------
